[ AOE2 MATCH · #479563536 ]
UnrankedPersians vs Chinese
Player's team · WIN
Rival team · LOSS
[ REPLAY ANALYSIS · EXTRACTED FROM THE RECORDED GAME ]
Feudal
9:06
Castle
19:36
Imperial
33:42
| APM avg | 37.1 |
| APM peak | 102 |
| eAPM avg | 20.3 |
| Villagers / military | 117 / 80 |
Focus
⚔️ 19.8% · 🌾 80.2%
Knight ×69 · Monk ×3 · Mangonel ×3 · Scout Cavalry ×3 · Trebuchet (Packed) ×2
Feudal
10:55
Castle
20:16
Imperial
33:56
| APM avg | 19.5 |
| APM peak | 45 |
| eAPM avg | 14.8 |
| Villagers / military | 136 / 37 |
Focus
⚔️ 21.8% · 🌾 78.2%
Chu Ko Nu ×16 · Fire Lancer ×10 · Spearman ×6 · Iron Pagoda ×2 · Scout Cavalry ×2 · Monk ×1
Match map
Initial resources + every placement click. Lines = walls · curves = elevation contours. ◆ gold · ⬟ stone · ● berries · ✦ relic · ◌ wall gap
Your base· ✓ Closed at 19:36 · 40t walls · 1 gate(s)
dafr1997's base· Open — opponent sealed themselves in
Smoothed initial terrain · ◌ = detected wall gap · hover for details
Inputs per minute
— Keksprinzessin - - dafr1997
Build order — Keksprinzessin
First 150 of 333 actions detected
| 0:00 | Create | Villager (Male) |
| 0:02 | Build | House |
| 0:04 | Build | House |
| 0:27 | Create | Villager (Male) |
| 0:28 | Create | Villager (Male) |
| 0:28 | Create | Villager (Male) |
| 0:28 | Create | Villager (Male) |
| 1:32 | Create | Villager (Male) |
| 1:56 | Build | Lumber Camp |
| 2:01 | Create | Villager (Male) |
| 2:15 | Create | Villager (Male) |
| 2:50 | Create | Villager (Male) |
| 3:02 | Build | House |
| 3:05 | Build | Palisade Wall |
| 3:08 | Create | Villager (Male) |
| 3:34 | Create | Villager (Male) |
| 3:41 | Build | Mill |
| 4:04 | Create | Villager (Male) |
| 4:31 | Research | Loom |
| 4:34 | Create | Villager (Male) |
| 4:34 | Create | Villager (Male) |
| 5:32 | Create | Villager (Male) |
| 5:46 | Create | Villager (Male) |
| 5:47 | Research | Loom |
| 7:02 | Research | Feudal Age |
| 7:09 | Build | Barracks |
| 7:10 | Build | House |
| 7:37 | Create | Villager (Male) |
| 7:38 | Create | Villager (Male) |
| 8:34 | Build | House |
| 9:06 | Age | Feudal Age |
| 9:07 | Build | Stable |
| 9:11 | Research | Horse Collar |
| 9:12 | Research | Double-Bit Axe |
| 9:32 | Create | Villager (Male) |
| 9:45 | Build | House |
| 9:49 | Build | Palisade Wall |
| 9:56 | Build | Palisade Wall |
| 9:58 | Create | Villager (Male) |
| 10:05 | Create | Scout Cavalry |
| 10:05 | Create | Scout Cavalry |
| 11:02 | Create | Villager (Male) |
| 11:02 | Create | Villager (Male) |
| 11:46 | Create | Villager (Male) |
| 11:57 | Create | Villager (Male) |
| 11:58 | Build | Farm |
| 11:59 | Build | Farm |
| 12:01 | Build | Farm |
| 12:02 | Build | Farm |
| 12:03 | Build | Farm |
| 12:16 | Build | House |
| 12:17 | Build | House |
| 12:25 | Build | Farm |
| 12:28 | Build | Farm |
| 12:33 | Build | Farm |
| 12:36 | Build | Farm |
| 12:39 | Build | Farm |
| 12:45 | Create | Villager (Male) |
| 13:05 | Build | Farm |
| 13:07 | Build | Farm |
| 13:09 | Create | Villager (Male) |
| 13:21 | Build | Blacksmith |
| 13:23 | Build | House |
| 13:30 | Create | Villager (Male) |
| 13:40 | Build | Mining Camp |
| 13:50 | Build | House |
| 14:03 | Create | Villager (Male) |
| 14:04 | Create | Villager (Male) |
| 14:10 | Build | House |
| 14:23 | Create | Villager (Male) |
| 14:27 | Build | House |
| 14:43 | Create | Villager (Male) |
| 15:23 | Build | Stable |
| 15:32 | Research | Wheelbarrow |
| 16:08 | Build | Farm |
| 16:11 | Build | Farm |
| 16:15 | Build | Farm |
| 16:42 | Create | Villager (Male) |
| 16:54 | Build | Palisade Gate |
| 16:55 | Build | House |
| 17:02 | Build | Farm |
| 17:10 | Research | Castle Age |
| 17:40 | Research | Gold Mining |
| 18:14 | Create | Villager (Male) |
| 18:15 | Create | Villager (Male) |
| 18:22 | Research | Scale Barding Armor |
| 19:36 | Age | Castle Age |
| 19:41 | Build | Monastery |
| 19:46 | Build | Town Center |
| 19:53 | Build | House |
| 19:54 | Build | House |
| 20:19 | Create | Villager (Male) |
| 20:24 | Create | Monk |
| 20:24 | Create | Monk |
| 20:24 | Create | Monk |
| 20:26 | Create | Knight |
| 20:27 | Create | Knight |
| 20:27 | Create | Knight |
| 20:27 | Create | Knight |
| 20:33 | Research | Forging |
| 20:35 | Create | Villager (Male) |
| 20:45 | Build | Farm |
| 20:55 | Build | Town Center |
| 21:15 | Create | Knight |
| 21:15 | Create | Knight |
| 21:16 | Create | Villager (Male) |
| 21:16 | Create | Villager (Male) |
| 21:21 | Build | Farm |
| 21:22 | Build | Farm |
| 21:28 | Build | Farm |
| 21:38 | Build | House |
| 21:41 | Build | House |
| 21:42 | Build | House |
| 21:43 | Build | House |
| 21:44 | Create | Villager (Male) |
| 21:44 | Create | Villager (Male) |
| 21:48 | Create | Villager (Male) |
| 21:50 | Create | Knight |
| 22:15 | Create | Villager (Male) |
| 22:16 | Create | Villager (Male) |
| 22:16 | Create | Villager (Male) |
| 22:18 | Create | Villager (Male) |
| 22:22 | Build | Farm |
| 22:41 | Create | Villager (Male) |
| 23:14 | Create | Villager (Male) |
| 23:15 | Create | Villager (Male) |
| 23:16 | Create | Villager (Male) |
| 23:20 | Build | Farm |
| 23:22 | Build | Farm |
| 23:22 | Build | Farm |
| 23:35 | Create | Knight |
| 23:36 | Create | Knight |
| 23:41 | Research | Chain Barding Armor |
| 23:43 | Build | Farm |
| 23:45 | Build | Farm |
| 23:49 | Build | House |
| 23:50 | Build | House |
| 23:51 | Build | House |
| 23:52 | Build | House |
| 23:53 | Build | House |
| 23:54 | Build | House |
| 23:56 | Build | House |
| 24:00 | Create | Knight |
| 24:13 | Create | Villager (Male) |
| 24:13 | Create | Villager (Male) |
| 24:14 | Create | Villager (Male) |
| 24:14 | Create | Villager (Male) |
| 24:14 | Create | Villager (Male) |
| 24:15 | Create | Villager (Male) |
| 24:19 | Build | House |
Build order — dafr1997
First 150 of 316 actions detected
| 0:06 | Build | House |
| 0:11 | Build | House |
| 1:00 | Create | Villager (Male) |
| 1:35 | Create | Villager (Male) |
| 1:38 | Build | Lumber Camp |
| 2:03 | Create | Villager (Male) |
| 2:33 | Create | Villager (Male) |
| 2:58 | Create | Villager (Male) |
| 3:30 | Create | Villager (Male) |
| 3:57 | Create | Villager (Male) |
| 4:08 | Build | Mill |
| 4:31 | Create | Villager (Male) |
| 4:54 | Create | Villager (Male) |
| 5:13 | Create | Villager (Male) |
| 5:45 | Create | Villager (Male) |
| 6:11 | Create | Villager (Male) |
| 6:30 | Create | Villager (Male) |
| 6:43 | Create | Villager (Male) |
| 6:52 | Create | Villager (Male) |
| 7:42 | Build | Farm |
| 7:50 | Create | Villager (Male) |
| 7:54 | Research | Loom |
| 7:59 | Build | House |
| 8:18 | Build | Farm |
| 8:36 | Build | Farm |
| 8:42 | Build | Mill |
| 8:45 | Research | Feudal Age |
| 9:12 | Build | Farm |
| 9:18 | Build | Mining Camp |
| 9:24 | Build | Farm |
| 9:29 | Build | House |
| 9:34 | Create | Villager (Male) |
| 10:20 | Build | Barracks |
| 10:55 | Age | Feudal Age |
| 10:59 | Create | Villager (Male) |
| 11:48 | Create | Villager (Male) |
| 11:55 | Build | Farm |
| 11:57 | Create | Spearman |
| 12:07 | Create | Villager (Male) |
| 12:22 | Create | Villager (Male) |
| 12:26 | Create | Villager (Male) |
| 12:51 | Create | Villager (Male) |
| 13:08 | Build | Farm |
| 13:17 | Create | Villager (Male) |
| 13:20 | Create | Spearman |
| 13:26 | Build | House |
| 13:30 | Create | Villager (Male) |
| 13:37 | Build | Farm |
| 14:22 | Build | Farm |
| 14:37 | Create | Villager (Male) |
| 14:51 | Research | Double-Bit Axe |
| 14:51 | Research | Double-Bit Axe |
| 15:07 | Create | Villager (Male) |
| 15:27 | Create | Villager (Male) |
| 15:58 | Build | Blacksmith |
| 16:02 | Research | Town Watch |
| 16:27 | Create | Villager (Male) |
| 16:38 | Build | Market |
| 16:52 | Build | Mining Camp |
| 17:11 | Create | Villager (Male) |
| 17:27 | Build | Lumber Camp |
| 17:36 | Research | Castle Age |
| 17:42 | Build | Farm |
| 18:04 | Create | Villager (Male) |
| 18:13 | Build | House |
| 18:25 | Build | Palisade Wall |
| 19:23 | Build | House |
| 19:27 | Build | House |
| 19:37 | Research | Gold Mining |
| 19:54 | Build | Farm |
| 20:07 | Build | Farm |
| 20:16 | Age | Castle Age |
| 20:35 | Build | Castle |
| 20:47 | Create | Villager (Male) |
| 20:50 | Research | Town Patrol |
| 21:07 | Create | Villager (Male) |
| 21:31 | Build | Town Center |
| 21:43 | Research | Wheelbarrow |
| 22:03 | Create | Fire Lancer |
| 22:03 | Create | Fire Lancer |
| 22:08 | Research | Scale Mail Armor |
| 22:17 | Create | Fire Lancer |
| 22:24 | Create | Villager (Male) |
| 22:28 | Create | Villager (Male) |
| 22:30 | Create | Villager (Male) |
| 22:44 | Create | Chu Ko Nu |
| 22:44 | Create | Chu Ko Nu |
| 22:49 | Build | Farm |
| 22:58 | Create | Villager (Male) |
| 23:00 | Create | Villager (Male) |
| 23:35 | Create | Villager (Male) |
| 23:52 | Build | Monastery |
| 23:58 | Build | Mining Camp |
| 24:01 | Create | Villager (Male) |
| 24:02 | Create | Villager (Male) |
| 24:11 | Create | Villager (Male) |
| 24:13 | Research | Bow Saw |
| 24:17 | Create | Villager (Male) |
| 24:21 | Create | Villager (Male) |
| 24:31 | Create | Fire Lancer |
| 24:31 | Create | Fire Lancer |
| 24:50 | Create | Villager (Male) |
| 24:53 | Research | Forging |
| 25:13 | Create | Villager (Male) |
| 25:40 | Build | Town Center |
| 25:46 | Create | Villager (Male) |
| 26:00 | Build | Monastery |
| 26:04 | Create | Villager (Male) |
| 26:05 | Create | Villager (Male) |
| 26:06 | Create | Villager (Male) |
| 26:10 | Build | Lumber Camp |
| 26:19 | Create | Villager (Male) |
| 26:29 | Build | Farm |
| 26:35 | Build | Farm |
| 26:40 | Build | Farm |
| 26:42 | Create | Villager (Male) |
| 26:42 | Create | Villager (Male) |
| 27:02 | Create | Villager (Male) |
| 27:03 | Create | Villager (Male) |
| 27:15 | Create | Monk |
| 27:24 | Create | Villager (Male) |
| 27:39 | Build | Stable |
| 27:44 | Create | Villager (Male) |
| 27:52 | Create | Villager (Male) |
| 28:04 | Create | Villager (Male) |
| 28:09 | Build | Farm |
| 28:14 | Build | Farm |
| 28:19 | Build | Farm |
| 28:29 | Build | Farm |
| 28:33 | Create | Villager (Male) |
| 28:35 | Create | Villager (Male) |
| 28:43 | Build | Farm |
| 28:50 | Create | Villager (Male) |
| 28:56 | Build | Farm |
| 29:03 | Build | Farm |
| 29:08 | Create | Villager (Male) |
| 29:12 | Build | Farm |
| 29:16 | Build | Farm |
| 29:22 | Build | Farm |
| 29:26 | Create | Villager (Male) |
| 29:27 | Create | Villager (Male) |
| 29:34 | Build | Town Center |
| 29:38 | Create | Villager (Male) |
| 29:39 | Create | Villager (Male) |
| 29:44 | Build | Town Center |
| 29:46 | Create | Villager (Male) |
| 29:55 | Build | Farm |
| 29:55 | Build | Farm |
| 29:55 | Build | Farm |
| 29:56 | Build | Farm |
Match timeline
| 3:05 | Keksprinzessin · wall_segment Palisade Wall x8 |
| 7:09 | Keksprinzessin · first_building Barracks |
| 9:06 | Keksprinzessin · age_up feudal |
| 9:07 | Keksprinzessin · first_building Stable |
| 9:49 | Keksprinzessin · wall_segment Palisade Wall x22 |
| 9:56 | Keksprinzessin · wall_segment Palisade Wall x10 |
| 10:20 | dafr1997 · first_building Barracks |
| 10:55 | dafr1997 · age_up feudal |
| 18:25 | dafr1997 · wall_segment Palisade Wall x5 |
| 19:36 | Keksprinzessin · age_up castle |
| 19:41 | Keksprinzessin · first_building Monastery |
| 20:16 | dafr1997 · age_up castle |
| 20:27 | dafr1997 · first_market_buy 100 stone |
| 20:35 | dafr1997 · first_building Castle |
| 23:52 | dafr1997 · first_building Monastery |
| 24:29 | Keksprinzessin · wall_segment Palisade Wall x1 |
| 25:42 | Keksprinzessin · first_building Siege Workshop |
| 27:39 | dafr1997 · first_building Stable |
| 29:56 | Keksprinzessin · first_building Castle |
| 30:32 | dafr1997 · first_market_sell 100 wood |
| 32:58 | Keksprinzessin · wall_segment Stone Wall x1 |
| 33:02 | Keksprinzessin · wall_segment Stone Wall x1 |
| 33:22 | dafr1997 · first_building Siege Workshop |
| 33:36 | Keksprinzessin · first_market_sell 100 wood |
| 33:42 | Keksprinzessin · age_up imperial |
| 33:56 | dafr1997 · age_up imperial |
| 34:27 | Keksprinzessin · first_market_buy 100 food |
| 38:03 | Keksprinzessin · first_building Archery Range |
| 39:15 | dafr1997 · resign |
[ AI ANALYSIS · 1 CREDIT ]
What really happened in this match?
Wolo.gg analyzes every decision: build order, eco, micro, common mistakes by bracket. Personalized analysis on WhatsApp or Discord in 30 seconds.
Civ guide
Persians
Perfil
Jugador #4668274